 Seeded DCSS version 0.31-a0-986-g5e6e4ef867 (webtiles) character file.

Game seed: 3451369682634171190 (custom seed)

9694 timneilson the Thaumaturge (level 11, -1/61 HPs)
             Began as a Deep Elf Conjurer on Nov 25, 2023.
             Was an Elder of Vehumet.
             Slain by a vault guard
             ... wielding a +0 broad axe
              (18 damage)
             ... in a bailey.
             The game lasted 00:51:57 (10307 turns).

timneilson the Thaumaturge (Deep Elf Conjurer)     Turns: 10307, Time: 00:51:58

Health: -1/61      AC: 10    Str:  4    XL:     11   Next: 26%
Magic:  22/26      EV: 12    Int: 28    God:    Vehumet [****..]
Gold:   296        SH:  4    Dex: 13    Spells: 2/29 levels left

rFire   . . .        l - staff of conjuration
rCold   . . .        w - +0 buckler
rNeg    + . .        H - +0 acid dragon scales
rPois   .            (no helmet)
rElec   .            e - +1 cloak
rCorr   +            (no gloves)
SInv    .            d - +0 pair of boots
Will    +....        E - amulet of regeneration
Stlth   +++          u - ring of wizardry
HPRegen 1.10/turn    B - ring of positive energy
MPRegen 0.20/turn

%: wizardry (x1)
@: no status effects
A: no striking features
a: Renounce Religion


You were in a bailey.
You worshipped Vehumet.
Vehumet was greatly pleased with you.
You visited 2 branches of the dungeon, and saw 11 of its levels.
You also visited: Bailey.

You collected 443 gold pieces.
You spent 147 gold pieces at shops.

Inventory:

Armour
 d - a +0 pair of boots (worn)
 e - a +1 cloak (worn)
 w - a +0 buckler (worn)
 F - a +0 robe of willpower
 G - a +0 kite shield
 H - +0 acid dragon scales (worn)
Magical Staves
 l - a staff of conjuration (weapon)
Jewellery
 c - a ring of ice
 u - a ring of wizardry (left hand)
 A - a ring of resist corrosion
 B - a ring of positive energy (right hand)
 E - an amulet of regeneration (around neck)
Wands
 a - a wand of iceblast (9)
 r - a wand of mindburst (23)
 t - a wand of polymorph (6)
 v - a wand of quicksilver (11)
 z - a wand of flame (25)
 D - a wand of charming (9)
Scrolls
 g - a scroll of silence {unknown}
 i - a scroll of blinking {unknown}
 m - 2 scrolls of fog {unknown}
 n - 3 scrolls of poison {unknown}
 p - 5 scrolls of teleportation {unknown}
 y - 3 scrolls of noise {unknown}
 C - a scroll of fear {unknown}
 J - 5 scrolls of immolation {unknown}
 K - a scroll of revelation {unknown}
Potions
 b - 3 potions of magic
 f - 5 potions of brilliance
 j - a potion of curing
 k - 2 potions of haste
 q - 4 potions of enlightenment
 s - 2 potions of attraction
 x - a potion of lignification {unknown}
 I - 2 potions of might {unknown}
 L - a potion of mutation {unknown}


   Skills:
 + Level 4.0 Fighting
 + Level 4.9 Staves
 + Level 3.8 Armour
 * Level 8.7 Dodging
 + Level 6.7 Stealth
 + Level 3.0 Shields
 * Level 9.6 Spellcasting
 + Level 6.9 Conjurations
 - Level 5.0 Hexes
 + Level 4.1 Translocations
 + Level 2.2 Fire Magic
 + Level 3.9 Ice Magic
 + Level 2.8 Earth Magic
 + Level 4.8 Evocations


You had 2 spell levels left.
You knew the following spells:

 Your Spells              Type           Power      Damage    Failure   Level
a - Magic Dart            Conj           100%       1d8       1%          1
b - Searing Ray           Conj           100%       2d8       1%          2
c - Fulminant Prism       Conj/Hex       31%        3d15      1%          4
d - Iskenderun's Mystic   Conj/Tloc      61%        2d13      2%          4
e - Frozen Ramparts       Ice            70%        1d11      1%          3
f - Sandblast             Erth           58%        2d13      1%          1
g - Volatile Blastmotes   Fire/Tloc      62%        2d15      1%          3
h - Brom's Barrelling Bo  Conj/Erth      57%        2d7       3%          4
i - Iskenderun's Battles  Conj           67%        2d12      3%          5

Your spell library contained the following spells:

 Spells                   Type           Power      Damage    Failure   Level
 Ensorcelled Hibernation  Hex/Ice        76%        N/A       1%          2
 Jinxbite                 Hex            82%        N/A       1%          2
 Cigotuvi's Dreadful Rot  Necr/Pois/Air  26%        N/A       12%         2
 Dazzling Flash           Conj/Hex       100%       N/A       1%          3
 Anguish                  Hex/Necr       13%        N/A       26%         4
 Metabolic Englaciation   Hex/Ice        19%        N/A       32%         5
 Petrify                  Tmut/Erth      21%        N/A       38%         4
 Dispel Undead            Necr           13%        3d9       56%         4
 Death Channel            Necr           6%         N/A       100%        6


Dungeon Overview and Level Annotations

Branches:
Dungeon (10/15)            Temple (1/1) D:7          Bailey (1/1)
   Lair: D:8-11         Orc: D:9-12

Altars:
Ashenzari
Cheibriados
Dithmenos
Elyvilon
Fedhas
Gozag
Kikubaaqudgha
Makhleb
Nemelex Xobeh
Okawaru
Qazlal
Ru
Sif Muna
Trog
Uskayaw
Vehumet
Wu Jian
Xom
Zin
The Shining One

Shops:
D:1 (=   D:9 *


Message History

A cloud of volatile blastmotes flares up around you!
Your battlesphere fires!
The barrage of energy hits the vault guard!
The vault guard is severely wounded.
Your boulder slams into a wall and explodes!
The vault guard barely misses you.
Casting: Volatile Blastmotes (safe; 1% risk of failure)
Confirm with . or Enter, or press ? or * to list all spells.
Aiming: Searing Ray (safe; 1% risk of failure)
Press: ? - help, Shift-Dir - straight line, f/p - vault guard
Aim: a vault guard, wielding a +0 broad axe and wearing a +0 chain mail (sparse dust, severely wounded, ally target, 81% to hit)
You feel a surge of power!
The searing ray hits the vault guard.
The vault guard is severely wounded. (Press . to maintain the ray.)
Your battlesphere fires!
The barrage of energy hits the vault guard!
The vault guard is almost dead.
The vault guard hits you with a +0 broad axe!
The searing ray hits the vault guard!
The vault guard is almost dead.
Your battlesphere fires!
The barrage of energy hits the vault guard.
The vault guard is almost dead.
The vault guard barely misses you.
Without enough magic to sustain it, your searing ray dissipates.
The vault guard hits you with a +0 broad axe!
Unknown command.
You hit the vault guard but do no damage.
The vault guard is almost dead.
The vault guard hits you with a +0 broad axe!!
* * * LOW HITPOINT WARNING * * *
You feel much better.
The vault guard hits you with a +0 broad axe!
You hit the vault guard.
The vault guard is almost dead.
The vault guard hits you with a +0 broad axe.
* * * LOW HITPOINT WARNING * * *
Magic courses through your body.
The vault guard hits you with a +0 broad axe!!
You die...

##### ##??$##
#$[.??# #....*#
#.....# #..∩..#
###..p..###
##~##.@.##≈##
##~~~##'##~~≈##
#~~~.......~~≈#
##..........~~≈##
#.≈≈≈~).....~~~≈#
#+###≈~.....~~~≈#
##≈~..~.~~~≈#
#≈~....~~~≈###
##≈~)..~~~≈#.##


You could see a vault guard (ally target) and a friendly battlesphere.

Vanquished Creatures
  Erica (D:8)
  A two-headed ogre (D:9)
  A hornet (D:8)
  Prince Ribbit (D:5)
  Grinder (D:5)
  A blink frog (Bailey)
  Sigmund (D:4)
  2 wyverns
  5 humans (Bailey)
  Eustachio (D:4)
  6 yaks (D:9)
  2 steam dragons
  Menkaure (D:5)
  2 water moccasins
  Duvessa (D:7)
  An acid dragon (D:8)
  2 orc warriors
  3 sky beasts
  3 ice beasts
  2 black bears
  An ogre (D:6)
  5 centaurs
  2 phantoms
  A kobold brigand (D:8)
  8 bullfrogs
  A gnoll sergeant (D:4)
  2 scorpions
  Dowan (D:7)
  14 wights
  13 killer bees
  3 howler monkeys
  4 hounds
  2 jellies
  Crazy Yiuf (D:7)
  3 orc priests
  A gnoll bouda (D:8)
  2 sleepcaps
  An iguana (D:7)
  Ijyb (D:5)
  13 orc wizards
  Terence (D:3)
  5 adders
  11 gnolls
  5 shadow imps
  A worm (D:3)
  6 dart slugs
  20 orcs
  6 ball pythons
  4 endoplasms
  5 giant cockroaches
  11 goblins
  8 hobgoblins
  8 jackals
  2 quokkas
  2 bats (D:1)
  A frilled lizard (D:2)
  7 kobolds
  7 rats
227 creatures vanquished.

Vanquished Creatures (others)
  An orc wizard (D:6)
  A boulder (Bailey)
  2 fulminant prisms (Bailey)
4 creatures vanquished.

Grand Total: 231 creatures vanquished

Notes
Turn   | Place    | Note
-------+----------+-------------------------------------------
     0 | D:1      | timneilson the Deep Elf Conjurer began the quest for the
                  | Orb.
     0 | D:1      | Reached XP level 1. HP: 10/10 MP: 6/6
    31 | D:1      | Found Juceetep's Jewellery Shop.
    59 | D:1      | Noticed an eye of devastation
    61 | D:1      | Found a faded altar of an unknown god.
    75 | D:1      | Noticed a golden eye
    75 | D:1      | Noticed a glass eye
    75 | D:1      | Noticed a golden eye
    93 | D:1      | Reached XP level 2. HP: 15/15 MP: 2/8
   240 | D:1      | Found Mylaamin's Weapon Shop.
   935 | D:2      | Identified a scroll of acquirement
   935 | D:2      | Acquired a staff of conjuration
   961 | D:2      | Learned a level 2 spell: Searing Ray
  1022 | D:2      | Reached XP level 3. HP: 20/20 MP: 8/10
  1672 | D:2      | Reached XP level 4. HP: 24/24 MP: 5/11
  2010 | D:3      | Learned a level 4 spell: Fulminant Prism
  2059 | D:3      | Noticed a black bear
  2063 | D:3      | Killed a black bear
  2064 | D:3      | Reached skill level 1 in Fighting
  2064 | D:3      | Reached skill level 1 in Armour
  2064 | D:3      | Reached skill level 4 in Spellcasting
  2064 | D:3      | Reached skill level 1 in Evocations
  2064 | D:3      | Reached XP level 5. HP: 29/29 MP: 6/13
  2294 | D:3      | Reached skill level 1 in Hexes
  2393 | D:3      | Reached skill level 1 in Staves
  2469 | D:3      | Noticed Terence
  2475 | D:3      | Killed Terence
  2712 | D:3      | Found an ornate altar of the Wu Jian Council.
  2712 | D:3      | Found an iron altar of Okawaru.
  2746 | D:3      | Found a bloodstained altar of Trog.
  2915 | D:4      | Reached XP level 6. HP: 34/34 MP: 10/14
  3099 | D:4      | Noticed Sigmund
  3108 | D:4      | Killed Sigmund
  3109 | D:4      | Reached skill level 5 in Spellcasting
  3109 | D:4      | Reached skill level 5 in Conjurations
  3522 | D:4      | Reached XP level 7. HP: 38/38 MP: 8/16
  3851 | D:4      | Noticed Eustachio
  3858 | D:4      | Killed Eustachio
  4038 | D:5      | Entered Level 5 of the Dungeon
  4038 | D:5      | Noticed Ijyb
  4044 | D:5      | Killed Ijyb
  4142 | D:5      | Found a radiant altar of Vehumet.
  4148 | D:5      | Reached skill level 5 in Dodging
  4161 | D:5      | Became a worshipper of Vehumet
  4336 | D:4      | Reached skill level 6 in Spellcasting
  4336 | D:4      | Reached XP level 8. HP: 29/44 MP: 9/19
  4343 | D:4      | Learned a level 4 spell: Iskenderun's Mystic Blast
  4347 | D:4      | Learned a level 3 spell: Frozen Ramparts
  4416 | D:5      | Noticed Prince Ribbit
  4423 | D:5      | Killed Prince Ribbit
  4463 | D:5      | Found an opulent altar of Gozag.
  4606 | D:5      | Noticed Menkaure
  4611 | D:5      | Killed Menkaure
  4787 | D:5      | Noticed Grinder
  4788 | D:5      | Paralysed by Grinder for 3 turns
  4798 | D:5      | Killed Grinder
  4799 | D:5      | Reached skill level 1 in Translocations
  4799 | D:5      | Reached skill level 1 in Ice Magic
  5058 | D:6      | Reached skill level 1 in Shields
  5200 | D:6      | Reached skill level 5 in Stealth
  5302 | D:6      | Reached skill level 7 in Spellcasting
  5302 | D:6      | Reached XP level 9. HP: 49/49 MP: 15/21
  5331 | D:6      | Reached * piety under Vehumet
  5331 | D:6      | Offered knowledge of Kiss of Death by Vehumet.
  6530 | D:7      | Found a staircase to the Ecumenical Temple.
  6539 | Temple   | Entered the Ecumenical Temple
  6701 | D:7      | Offered knowledge of Sandblast by Vehumet.
  6704 | D:7      | Learned a level 1 spell: Sandblast
  6798 | D:7      | Found a broken altar of Ashenzari.
  6802 | D:7      | Saw a vision of the Swamp and the Snake Pit.
  6802 | D:7      | Noticed an anaconda
  6802 | D:7      | Noticed a naga warrior
  6802 | D:7      | Noticed a black mamba
  6802 | D:7      | Noticed a black mamba
  6802 | D:7      | Noticed an anaconda
  6802 | D:7      | Noticed a seven-headed hydra
  6802 | D:7      | Noticed a bloated husk
  6804 | D:7      | Noticed a ghost crab
  6807 | D:7      | Noticed a bloated husk
  6919 | D:7      | Found a sacrificial altar of Ru.
  7189 | D:7      | Reached ** piety under Vehumet
  7193 | D:7      | Reached skill level 8 in Spellcasting
  7202 | D:7      | Reached skill level 1 in Earth Magic
  7361 | D:7      | Reached XP level 10. HP: 56/56 MP: 19/24
  7431 | D:7      | Noticed Duvessa
  7436 | D:7      | Noticed Dowan
  7437 | D:7      | Killed Duvessa
  7443 | D:7      | Killed Dowan
  7589 | D:7      | Found a runed translucent door.
  7590 | D:7      | Noticed Crazy Yiuf
  7598 | D:7      | Killed Crazy Yiuf
  8021 | D:8      | Found a shimmering altar of Xom.
  8022 | D:8      | Found a shimmering altar of Xom.
  8025 | D:8      | Found a shimmering altar of Xom.
  8026 | D:8      | Found a shimmering altar of Xom.
  8028 | D:8      | Found a shimmering altar of Xom.
  8141 | D:8      | Offered knowledge of Volatile Blastmotes by Vehumet.
  8146 | D:8      | Learned a level 3 spell: Volatile Blastmotes
  8198 | D:8      | Noticed Erica
  8207 | D:8      | Killed Erica
  8208 | D:8      | Reached skill level 5 in Hexes
  8605 | D:8      | Reached skill level 1 in Fire Magic
  8623 | D:8      | Reached *** piety under Vehumet
  8751 | D:8      | Reached skill level 9 in Spellcasting
  9312 | D:9      | Identified the +8 dagger "Ynupal Qefy" {venom, *Corrode
                  | +Blink Str+3 Dex+9}
  9315 | D:9      | Noticed a two-headed ogre
  9323 | D:9      | Killed a two-headed ogre
  9463 | D:9      | Reached XP level 11. HP: 54/60 MP: 22/26
  9468 | D:9      | Offered knowledge of Brom's Barrelling Boulder by Vehumet.
  9480 | D:9      | Learned a level 4 spell: Brom's Barrelling Boulder
  9846 | D:9      | Found Pozas's Assorted Antiques.
  9850 | D:9      | Bought a scroll labelled QODAINK GIPHUT for 25 gold pieces
  9850 | D:9      | Bought a scroll labelled BUUMAEMNEI for 25 gold pieces
  9850 | D:9      | Bought a fizzy ruby potion for 22 gold pieces
  9850 | D:9      | Bought a scroll labelled WEESHI AVOSIOH for 25 gold pieces
  9850 | D:9      | Bought a scroll of identify for 50 gold pieces
  9957 | D:10     | Entered Level 10 of the Dungeon
  9957 | D:10     | Found a flagged portal.
  9968 | Bailey   | Entered a bailey
 10142 | Bailey   | Reached **** piety under Vehumet
 10151 | Bailey   | Offered knowledge of Iskenderun's Battlesphere by Vehumet.
 10159 | Bailey   | Learned a level 5 spell: Iskenderun's Battlesphere
 10288 | Bailey   | Noticed a vault guard
 10307 | Bailey   | Slain by a vault guard

Illustrated notes

Levels and vault maps discovered:
D:1:      spicycebolla_green_bress_n_ham, layout_basic,
          hellmonk_ecumenical_altar_watching_god, serial_shops,
          nicolae_shop_gaudy_bauble, shop
D:2:      layout_loops_ring
D:3:      layout_loops_cross, grunt_temple_overflow_open,
          hangedman_decor_opposing, corexii_hall_statues_l, uniq_terence
D:4:      layout_basic, uniq_eustachio, uniq_sigmund
D:5:      layout_cave_pools, mainiacjoe_overflow_catch_the_wave,
          uniq_prince_ribbit1, uniq_grinder, uniq_menkaure, uniq_ijyb
D:6:      minmay_flawed_box, layout_gridville, hangedman_decor_riveting
D:7:      layout_loops_cross, kennysheep_mini, grunt_ashenzari_visionary
          [grunt_ashenzari_visionary_swamp, grunt_ashenzari_visionary_snake],
          minmay_temple_entry_trees, uniq_crazy_yiuf_cottage, uniq_duvessa
D:8:      cheibrodos_barr_body, layout_loops_ring, xom_redecorated, uniq_erica
D:9:      layout_irregular_city, serial_shops, nicolae_shop_dealshenge
D:10:     layout_roguey, mainiacjoe_overflow_catwalk_spiral, enter_bailey_5,
          chequers_avenue
Temple:   nicolae_temple_no_exploring_needed
Bailey:   bailey_axe_froggy_fort_hellmonk, bailey

Skill      XL: |  1  2  3  4  5  6  7  8  9 10 11 |
---------------+----------------------------------+-----
Dodging        | 3 4 5 6 7 8 |  8.7
Fighting       | 1 2 3 4 |  4.0
Armour         | 1 2 3 |  3.8
Stealth        | 3 4 5 6 |  6.7
Spellcasting   | 4 5 6 7 8 9 |  9.6
Evocations     | 1 2 3 4 |  4.8
Hexes          | 1 2 3 4 5 |  5.0
Staves         | 1 2 3 4 |  4.9
Conjurations   | 5 6 |  6.9
Translocations | 1 2 3 4 |  4.1
Ice Magic      | 1 2 3 |  3.9
Shields        | 1 2 3 |  3.0
Earth Magic    | 1 2 |  2.8
Fire Magic     | 1 2 |  2.2

Action                     |  1- 3 |  4- 6 |  7- 9 | 10-12 || total
---------------------------+-------+-------+-------+-------++-------
  Melee: Staff             |       |       |     3 |     4 ||     7
   Cast: Magic Dart        |    66 |    51 |    93 |    51 ||   261
         Searing Ray       |     3 |    11 |    65 |    56 ||   135
         Iskenderun's Myst |       |       |     2 |    21 ||    23
         Sandblast         |       |       |       |     9 ||     9
         Fulminant Prism   |       |       |       |     2 ||     2
         Iskenderun's Batt |       |       |       |     1 ||     1
         Volatile Blastmot |       |       |       |     1 ||     1
         Brom's Barrelling |       |       |       |     1 ||     1
  Evoke: Wand              |       |       |     1 |     4 ||     5
    Use: Scroll            |     1 |       |     4 |     3 ||     8
         Potion            |       |       |       |     2 ||     2
 Armour: Robe              |     5 |     7 |    49 |    21 ||    82
         Acid dragon scale |       |       |       |    50 ||    50
  Dodge: Dodged            |     7 |     9 |    90 |    58 ||   164
  Block: Buckler           |       |       |    12 |    17 ||    29

Table legend: (Time is in decaauts)
 A = Elapsed time spent in this place.
 B = Non-inter-level travel time spent in this place.
 C = Inter-level travel time spent in this place.
 D = Time resting spent in this place.
 E = Time spent auto-exploring this place.
 F = Levels seen in this place.
 G = Mean time per level.
                   A        B        C        D        E       F      G
               +--------+--------+--------+--------+--------+-----+--------+
         Total |  10314 |  10065 |    249 |    986 |   6491 |  12 |  859.5 |
       Dungeon |   9970 |   9721 |    249 |    788 |   6491 |  10 |  997.0 |
        Temple |      1 |      1 |      0 |      0 |      0 |   1 |    1.0 |
        Bailey |    341 |    341 |      0 |    198 |      0 |   1 |  341.0 |
               +--------+--------+--------+--------+--------+-----+--------+

Top non-repeatable levels by time:
     D:6: 1472 daAuts
     D:4: 1353 daAuts
     D:7: 1321 daAuts
     D:8: 1084 daAuts
     D:9: 1040 daAuts
     D:2: 1006 daAuts
     D:3: 963 daAuts
     D:1: 916 daAuts
     D:5: 800 daAuts
  Bailey: 341 daAuts
    D:10: 11 daAuts
  Temple: 1 daAuts
